AoeStats
← Molusco

Arabia

505546059Analyzed
1v1 RM · 22d ago on Sep 9, 2026· 42m 53s· 2 players
Game mode
Random Map
Map size
Tiny (2 player)
Population
200
Speed
Normal
Resources
Standard
Victory
Conquest
Starting age
Dark Age
Ending age
Imperial Age
RankedLock teamsTeams togetherTeam positionsShared explorationLock speedFull tech treeHidden civsTurbo modeCheats
Victory
Defeat
🇦🇷 Persians · Argentina
1000
+17
🇦🇷 Magyars · Argentina
1012
-17
Molusco
4:59 Loom
9:36 Feudal Age
10:10 Double-Bit Axe
10:36 Horse Collar
15:02 Fletching
21:13 Castle Age
19:35 Padded Archer Armor
20:31 Scale Barding Armor
20:45 Bloodlines
20:58 Bloodlines
20:55 Gold Mining
22:38 Bow Saw
21:53 Crossbowman
22:55 Bodkin Arrow
28:05 Gold Shaft Mining
27:50 Husbandry
29:51 Chain Barding Armor
29:46 Leather Archer Armor
37:07 Imperial Age
35:43 Ballistics
36:52 Forging
38:58 Chemistry
41:00 Conscription
ELDEMA
9:07 Loom
13:25 Feudal Age
15:38 Double-Bit Axe
21:15 Castle Age
19:28 Fletching
20:52 Scale Barding Armor
21:03 Gold Mining
25:12 Chain Barding Armor
27:52 Bloodlines
28:14 Elite Skirmisher
28:59 Padded Archer Armor
35:03 Bodkin Arrow
39:07 Imperial Age
36:24 Crossbowman
37:48 Thumb Ring
38:03 Leather Archer Armor
40:15 Conscription
42:01 Bracer
42:32 Ring Archer Armor
41:52 Arbalester
Connection lost

Rejoining the realm…

Still unreachable

The connection could not be restored.

Session expired

The server has moved on; the page needs a fresh start.